 Dungeon Crawl Stone Soup version 0.30.0-29-ga12c61a403 (webtiles) character file.

Game seed: 256758417708540462

72 seaoflcl the Trooper (level 4, -3/40 HPs)
             Began as a Minotaur Fighter on June 9, 2023.
             Slain by a gnoll
             ... wielding a +0 halberd of distortion
              (7 damage)
             ... on level 2 of the Dungeon.
             The game lasted 00:01:15 (990 turns).

seaoflcl the Trooper (Minotaur Fighter)              Turns: 990, Time: 00:01:16

Health: -3/40      AC:  8    Str: 23    XL:     4   Next: 6%
Magic:  3/3        EV:  9    Int:  5    God:
Gold:   33         SH:  4    Dex:  9    Spells: 3/3 levels left

rFire   . . .        a - +0 war axe
rCold   . . .        c - +0 buckler
rNeg    . . .        b - +0 scale mail
rPois   .            (helmet restricted)
rElec   .            (no cloak)
rCorr   .            p - +0 pair of gloves
SInv    .            (no boots)
Will    .....        (no amulet) Stlth
                     (no ring)
HPRegen 0.26/turn    (no ring)
MPRegen 0.08/turn

%: no passive effects
@: no status effects
A: horns 2, retaliatory headbutt
a: no special abilities


You were on level 2 of the Dungeon.
You visited 1 branch of the dungeon, and saw 2 of its levels.

You collected 33 gold pieces.

Inventory:

Hand Weapons
 a - a +0 war axe (weapon)
Armour
 b - a +0 scale mail (worn)
 c - a +0 buckler (worn)
 p - a +0 pair of gloves (worn)
Scrolls
 e - a scroll of identify {unknown}
 f - a scroll of butterflies {unknown}
 g - 2 scrolls of enchant weapon {unknown}
 h - a scroll of teleportation {unknown}
 i - a scroll of magic mapping {unknown}
 j - a scroll of blinking {unknown}
 l - 2 scrolls of poison {unknown}
 m - a scroll of amnesia {unknown}
 n - a scroll of enchant armour {unknown}
Potions
 d - a potion of might
 k - a potion of mutation
 o - a potion of curing {unknown}
 q - a potion of cancellation {unknown}


   Skills:
 + Level 4.2 Fighting
 * Level 3.8 Axes
 + Level 4.1 Armour
 + Level 4.2 Shields


You had 3 spell levels left.
You didn't know any spells.
Your spell library contained the following spells:

 Spells                   Type           Power      Damage    Failure   Level
 Kiss of Death            Conj/Necr      0%         2d5       85%         1
 Confusing Touch          Hex            0%         N/A       99%         3
 Inner Flame              Hex/Fire       0%         N/A       99%         3
 Dispel Undead            Necr           0%         3d6       100%        4
 Flame Wave               Conj/Fire      0%         2d4       100%        4
 Sticky Flame             Conj/Fire      0%         2d3       100%        4


Dungeon Overview and Level Annotations

Branches:
Dungeon (2/15)

Altars:


Innate Abilities, Weirdness & Mutations

You have a pair of horns on your head.
You reflexively headbutt those who attack you in melee.


Message History

You barely miss the rat. You block the rat's attack.
A frilled lizard comes into view.
The rat bites you.
You hit the rat.
You kill the rat!
You hit the gnoll.
You headbutt the gnoll, but do no damage.
The gnoll is moderately wounded.
The gnoll hits you with a +0 flail.
You hit the gnoll but do no damage. The gnoll hits you with a +0 club.
You slash the gnoll! Your headbutt misses the gnoll.
The gnoll is heavily wounded.
The gnoll hits you with a +0 club.
You slash the gnoll!
You kill the gnoll!
You slash the gnoll!
You kill the gnoll!
The gnoll hits you but does no damage. Space warps horribly around you!
The gnoll barely misses you. The gnoll closely misses you.
You have reached level 4!
You feel stronger.
You hit the gnoll. Your headbutt misses the gnoll.
The gnoll is moderately wounded.
The gnoll hits you from afar with a +0 halberd of distortion!
* * * LOW HITPOINT WARNING * * *
You blink.
Unknown command.
The frilled lizard attacks as you move away!
You block the frilled lizard's attack.
You see here a rat corpse.
The frilled lizard hisses.
It was a potion of mutation.
You feel extremely strange.
You feel weaker.
You feel stronger. The frilled lizard closely misses you.
You furiously retaliate!
You headbutt the frilled lizard.
You kill the frilled lizard!
The gnoll hits you from afar with a +0 halberd of distortion.
* * * LOW HITPOINT WARNING * * *
Space warps horribly around you!
You die...

#....# #...
#....# #..#
####.# #..# #.#
#..# #.# #..# #.#
#..# #.#### #..#
#
#....###g.#####.#
####.@†gw..)....#
#####l..######
####.#...#
#........#
#.##.#...# #
##..........#
##.#..####g.
#....# #..##.


You could see 2 gnolls, a dart slug and a frilled lizard.

Vanquished Creatures
  2 gnolls (D:2)
  2 adders (D:2)
  A ball python (D:1)
  An endoplasm (D:1)
  2 giant cockroaches (D:1)
  3 goblins
  3 hobgoblins
  2 jackals (D:1)
  5 kobolds
  4 quokkas
  3 bats
  5 frilled lizards
  3 rats
36 creatures vanquished.

Notes
Turn   | Place    | Note
-------+----------+-------------------------------------------
     0 | D:1      | seaoflcl the Minotaur Fighter began the quest for the Orb.
     0 | D:1      | Reached XP level 1. HP: 19/19 MP: 0/0
   162 | D:1      | Reached XP level 2. HP: 27/27 MP: 1/1
   548 | D:1      | Found a faded altar of an unknown god.
   828 | D:2      | Reached XP level 3. HP: 32/33 MP: 2/2
   986 | D:2      | Reached XP level 4. HP: 16/40 MP: 3/3
   990 | D:2      | Gained mutation: You are weak. (Str -2) [potion of
                  | mutation]
   990 | D:2      | Lost mutation: You are weak. (Str -2) [potion of mutation]
   990 | D:2      | Slain by a gnoll

Illustrated notes

Levels and vault maps discovered:
D:1:      dpeg_arrival_tiny_a, layout_loops_corners,
          shapermc_ecumenical_altar_acropolis
D:2:      layout_loops_ring, serial_shops, shop, shop,
          nicolae_shop_rolling_square, minmay_hexomino_c4, uniq_robin

Skill      XL: |  1  2 |
---------------+-------+-----
Axes           | 3 |  3.8
Fighting       | 4 |  4.2
Armour         | 4 |  4.1
Shields        | 4 |  4.2

Action                     |  1- 3 |  4- 6 || total
---------------------------+-------+-------++-------
  Melee: War axe           |    73 |     1 ||    74
         Headbutt          |    11 |       ||    11
    Use: Potion            |       |     1 ||     1
 Armour: Scale mail        |    29 |       ||    29
  Dodge: Dodged            |    44 |     1 ||    45
  Block: Buckler           |    15 |     1 ||    16
